 Dungeon Crawl Stone Soup version 0.28.0-45-g0d030f2227 (webtiles) character file.

Game seed: 4908408750787737820

304 Zeld the Gusty (level 6, -1/32 HPs)
             Began as a Tengu Air Elementalist on Apr 2, 2022.
             Succumbed to Crazy Yiuf's poison
             ... on level 2 of the Dungeon.
             The game lasted 00:03:41 (3535 turns).

Zeld the Gusty (Tengu Air Elementalist)             Turns: 3535, Time: 00:03:42

Health: -1/32      AC:  3    Str:  8    XL:     6   Next: 38%
Magic:  1/12       EV: 15    Int: 18    God:
Gold:   99         SH:  0    Dex: 14    Spells: 2/12 levels left

rFire   . . .      SeeInvis .   b - +4 dagger
rCold   . . .      Faith    .   (no shield)
rNeg    . . .      Spirit   .   a - +0 robe
rPois   .          Reflect  .   (helmet restricted)
rElec   .          Harm     .   g - +0 cloak
rCorr   .          Rampage  .   (no gloves)
Will    .....                   (boots unavailable)
Stlth   ++........              (no amulet)
HPRegen 0.10/turn               (no ring)
MPRegen 0.13/turn               (no ring)

@: mighty, lethally poisoned (-1 -> -8), on berserk cooldown, flying quickly and
evasively, very slightly contaminated, slowed, very slow
A: beak, talons 3, nimble flight
a: no special abilities


You were on level 2 of the Dungeon.
You visited 1 branch of the dungeon, and saw 2 of its levels.

You collected 99 gold pieces.

Inventory:

Hand Weapons
 b - a +4 dagger (weapon)
Armour
 a - a +0 robe (worn)
 g - a +0 cloak (worn)
Wands
 m - a wand of polymorph (7)
Scrolls
 e - a scroll of identify {unknown}
 f - a scroll of immolation {unknown}
 h - a scroll of torment {unknown}
 k - a scroll of enchant weapon {unknown}
 l - a scroll of teleportation {unknown}
Potions
 c - a potion of heal wounds {unknown}
 d - a potion of degeneration {unknown}
 j - a potion of invisibility {unknown}
 n - a potion of cancellation {unknown}
 o - a potion of berserk rage


   Skills:
 + Level 0.2 Fighting
 - Level 3.0 Dodging
 - Level 3.0 Stealth
 * Level 3.8 Spellcasting
 + Level 3.0 Conjurations
 * Level 6.1 Air Magic


You had 2 spell levels left.
You knew the following spells:

 Your Spells              Type           Power      Damage    Failure   Level
a - Shock                 Conj/Air       80%        1d8       2%          1
b - Static Discharge      Conj/Air       20%        N/A       3%          2
c - Swiftness             Air            25%        N/A       3%          3
d - Airstrike             Air            12%        N/A       12%         4

Your spell library contained the following spells:

 Spells                   Type           Power      Damage    Failure   Level


Dungeon Overview and Level Annotations

Branches:
Dungeon (2/15)

Altars:


Innate Abilities, Weirdness & Mutations

You have a beak for a mouth.
You have claws for feet.
Your magical nature lets you fly swiftly and evasively.


Message History

Crazy Yiuf yells, "Whippet shrimp pizzabubble!"
You hit Crazy Yiuf. Your kick misses Crazy Yiuf. Your peck misses Crazy Yiuf.
Crazy Yiuf is severely wounded.
Crazy Yiuf misses you.
You barely miss Crazy Yiuf. Your kick misses Crazy Yiuf.
Crazy Yiuf is severely wounded.
Crazy Yiuf hits you with a +3 quarterstaff of chaos!
You hit Crazy Yiuf. You peck Crazy Yiuf.
Crazy Yiuf is almost dead.
Crazy Yiuf hits you with a +3 quarterstaff of chaos!
You are lethally poisoned!
It was a potion of berserk rage.
A red film seems to cover your vision as you go berserk!
You feel yourself moving faster!
You feel mighty!
You feel very sick.
Crazy Yiuf hits you with a +3 quarterstaff of chaos.
* * * LOW HITPOINT WARNING * * *
Crazy Yiuf burns you.
* * * LOW HITPOINT WARNING * * *
You hit Crazy Yiuf.
You kill Crazy Yiuf!
* * * LOW HITPOINT WARNING * * *
You feel sick.
* * * LOW HITPOINT WARNING * * *
You feel sick.
Things that are here:
a +3 quarterstaff of chaos; a +0 cloak You feel a strong urge to attack something.
* * * LOW HITPOINT WARNING * * *
You feel sick.
* * * LOW HITPOINT WARNING * * *
You feel sick.
You feel your anger nearly subside.
You are no longer berserk.
You are exhausted.
You feel yourself slow down.
* * * LOW HITPOINT WARNING * * *
You feel sick.
It was a potion of might.
You feel very mighty all of a sudden.
You die...

##'## ##...#.#
#.# #.#
#....#####.#
#># ##..## #..#
### ####.##
♣P...♣ #### ..#
#.....# ♣...♣♣
#.# #.....#
♣♣.♣♣
#.#####.#...#
♣.♣♣
.........#.##
♣♣.♣
#.#####.##.#
♣@♣♣ #.# ####.#
♣♣.♣ #.# #.#
#'# ..# #.##
... ### #..#
#...#
#########..#
#..)#
#..........#
#####
#.######...#
#.######...####
####


There were no monsters in sight!

Vanquished Creatures
  An ogre (D:2)
  Crazy Yiuf (D:2)
  Terence (D:2)
  Natasha (thrice) (D:2)
  4 adders (D:2)
  A worm (D:2)
  3 endoplasms
  4 giant cockroaches
  2 goblins
  4 hobgoblins (D:1)
  8 jackals (D:1)
  5 quokkas
  6 ball pythons
  11 bats
  3 frilled lizards
  5 kobolds
  2 rats (D:1)
64 creatures vanquished.

Vanquished Creatures (others)
  A fungus (D:2)
1 creature vanquished.

Grand Total: 65 creatures vanquished

Notes
Turn   | Place    | Note
-------+----------+-------------------------------------------
     0 | D:1      | Zeld the Tengu Air Elementalist began the quest for the
                  | Orb.
     0 | D:1      | Reached XP level 1. HP: 10/10 MP: 4/4
    82 | D:1      | Reached XP level 2. HP: 15/15 MP: 1/6
   778 | D:1      | Reached XP level 3. HP: 19/19 MP: 7/7
   781 | D:1      | Learned a level 2 spell: Static Discharge
   785 | D:1      | Learned a level 3 spell: Swiftness
  1468 | D:1      | Found a faded altar of an unknown god.
  1761 | D:2      | Reached XP level 4. HP: 20/24 MP: 4/9
  1815 | D:2      | Noticed Natasha
  1824 | D:2      | Reached skill level 5 in Air Magic
  1825 | D:2      | Killed Natasha
  2137 | D:2      | Noticed an ogre
  2222 | D:2      | Found a runed translucent door.
  2223 | D:2      | Noticed Crazy Yiuf
  2289 | D:2      | Noticed Natasha
  2298 | D:2      | Killed Natasha
  2380 | D:2      | Gained mutation: Your magical nature lets you fly swiftly
                  | and evasively. [Tengu growth]
  2380 | D:2      | Reached XP level 5. HP: 23/28 MP: 10/10
  2385 | D:2      | Learned a level 4 spell: Airstrike
  2570 | D:2      | Noticed Terence
  2591 | D:2      | Killed Terence
  2833 | D:2      | Noticed Natasha
  2837 | D:2      | Killed Natasha
  3094 | D:2      | Killed an ogre
  3095 | D:2      | Reached skill level 6 in Air Magic
  3095 | D:2      | Reached XP level 6. HP: 32/32 MP: 0/12
  3530 | D:2      | Killed Crazy Yiuf
  3533 | D:2      | HP: 2/48 [poisoned by Crazy Yiuf]
  3535 | D:2      | Succumbed to Crazy Yiuf's poison

Illustrated notes

Levels and vault maps discovered:
D:1:      scummos_arrival_simple_crosswalls, layout_loops_corners,
          hellmonk_ecumenical_altar_prayer_group
D:2:      layout_loops_corners, minmay_crystal_water, dk_noncrumbling_3,
          uniq_crazy_yiuf_cottage, uniq_terence, uniq_natasha

Skill      XL: |  1  2  3  4  5 |
---------------+----------------+-----
Conjurations   | 2 3 |  3.0
Air Magic      | 5 6 |  6.1
Spellcasting   | 3 |  3.8
Dodging        | 3 |  3.0
Stealth        | 3 |  3.0
Fighting       | |  0.2

Action                   |  1- 3 |  4- 6 || total
-------------------------+-------+-------++-------
Melee: Unarmed           |     7 |       ||     7
       Kick              |    10 |     8 ||    18
       Peck              |     6 |    10 ||    16
       Dagger            |    42 |    44 ||    86
       Punch             |     2 |       ||     2
 Cast: Shock             |    24 |    10 ||    34
       Static Discharge  |     3 |    10 ||    13
       Airstrike         |       |     5 ||     5
  Use: Potion            |       |     2 ||     2
 Stab: Sleeping          |     4 |     4 ||     8
Armor: Robe              |    12 |     9 ||    21
Dodge: Dodged            |    33 |    33 ||    66
